 Dungeon Crawl Stone Soup version 0.29.1-12-g30fa7ad0bf (webtiles) character file.

Game seed: 17936325850888543700

2720 mandoloar the Ducker (level 9, -2/66 HPs)
             Began as a Djinni Summoner on Jan 1, 2023.
             Was a Follower of Makhleb.
             Slain by an unseen horror (6 damage)
             ... on level 8 of the Dungeon on Jan 2, 2023.
             The game lasted 00:42:03 (13272 turns).

mandoloar the Ducker (Djinni Summoner)             Turns: 13272, Time: 00:42:04

Health: -2/66      AC: 11    Str: 11    XL:     9   Next: 98%
Gold:   426        EV: 17    Int: 25    God:    Makhleb [*.....] SH:  0 Dex: 22

rFire   + + .      SeeInvis .   x - +5 mace of Ofysixem {vorpal, Dex+4}
rCold   x . .      Faith    .   (no shield)
rNeg    . . .      Spirit   +   v - +4 robe of Augmentation {Str+4 Int+4 Dex+4}
rPois   ∞          Reflect  .   a - +2 hat of the Bear Spirit {Spirit, *Rage Will++}
rElec   .          Harm     .   (no cloak)
rCorr   .          Rampage  .   j - +2 pair of gloves
Will    ++...      Rage     20% (boots unavailable)
Stlth   ++++......              (no amulet)
HPRegen 0.21/turn               (no ring)
MPRegen 0.00/turn               (no ring)

@: about to teleport, flying
A: sickness immunity, fire resistance 2, cold vulnerability 1, float, innate
caster, HP casting, extra vitality 1
a: Renounce Religion


You were on level 8 of the Dungeon.
You worshipped Makhleb.
Makhleb was aware of your devotion.
You visited 2 branches of the dungeon, and saw 9 of its levels.

You collected 426 gold pieces.

Inventory:

Hand Weapons
 x - the +5 mace of Ofysixem (weapon) {vorpal, Dex+4}
   (You found it on level 6 of the Dungeon)

   It inflicts extra damage upon your enemies.
   Dex:       It affects your dexterity (+4).
Missiles
 l - a throwing net
Armour
 a - the +2 hat of the Bear Spirit (worn) {Spirit, *Rage Will++}
   (You found it on level 3 of the Dungeon)

   Going berserk makes the wearer tougher, and they're slowed less afterward.
   *Rage:     It berserks you when you make melee attacks (+20% chance).
   Will:      It greatly increases your willpower.
 g - a +0 leather armour
 i - the +9 scale mail "Puopp" {rN+ Dex+4}
   (You found it on level 2 of the Dungeon)

   Dex:       It affects your dexterity (+4).
   rN:        It protects you from negative energy.
 j - a +2 pair of gloves (worn)
 v - the +4 robe of Augmentation (worn) {Str+4 Int+4 Dex+4}
   (You found it on level 7 of the Dungeon)

   Str:       It affects your strength (+4).
   Int:       It affects your intelligence (+4).
   Dex:       It affects your dexterity (+4).
Magical Staves
 m - a staff of air
Wands
 f - a wand of paralysis (6)
 k - a wand of acid (9)
 q - a wand of mindburst (19)
Scrolls
 c - 5 scrolls of teleportation
 o - a scroll of magic mapping
 r - a scroll of poison
Potions
 b - 2 potions of magic
 d - a potion of attraction
 e - 3 potions of mutation
 h - a potion of heal wounds
 n - a potion of cancellation {unknown}
 p - 2 potions of berserk rage
 u - a potion of flight {unknown}
 w - a potion of brilliance {unknown}


   Skills:
 + Level 5.7 Fighting
 + Level 4.0 Armour
 + Level 7.0 Dodging
 + Level 5.8 Stealth
 + Level 5.7 Spellcasting


You couldn't memorise any spells.
You knew the following spells:

 Your Spells              Type           Power      Damage    Failure   Level
a - Summon Small Mammal   Summ           100%       N/A       1%          1
b - Call Imp              Summ           36%        N/A       1%          2
c - Call Canine Familiar  Summ           36%        N/A       2%          3
d - Summon Guardian Gole  Hex/Summ       36%        N/A       2%          3
e - Summon Lightning Spi  Summ/Air       36%        N/A       7%          4
f - Foxfire               Conj/Fire      100%       2x1d9     1%          1
g - Scorch                Fire           72%        2d9       1%          2
h - Passwall              Tmut/Erth      30%        N/A       1%          2
i - Mephitic Cloud        Conj/Pois/Air  36%        N/A       2%          3
Your spell library was empty.

Dungeon Overview and Level Annotations

Branches:
Dungeon (8/15)             Temple (1/1) D:6
   Lair: D:8-11

Altars:
Ashenzari
Cheibriados
Dithmenos
Elyvilon
Fedhas
Hepliaklqana
Makhleb
Qazlal
Ru
Trog
Uskayaw
Wu Jian
Xom
Yredelemnul
Zin

Shops:
D:5 *

Annotations:
D:5 2 transporters, tictacthegrate's ghost, amateur HuBe


Innate Abilities, Weirdness & Mutations

You are immune to sickness and miasma.
You are immune to poison.
Your flesh is very heat resistant. (rF++)
You are vulnerable to cold. (rC-)
You float through the air rather than walking.
You learn spells naturally, not from books.
Your magical power is your life essence.
You have superior vitality. (+4 MHP)


Message History

Something hits you but does no damage. Something hits you but does no damage.
Something barely misses you.
You swap places.
Something barely misses your hound.
Your hound bites something.
Something hits your hound!
Your hound bites something.
Something hits your hound!
Your hound dies!
Your hound's corpse disappears in a puff of smoke!
Casting: Call Canine Familiar (dangerous; 2% risk of failure)
Confirm with . or Enter, or press ? or * to list all spells.
A guardian golem appears, shielding your allies.
Something closely misses you. Something hits your guardian golem.
Something hits you. Something hits your guardian golem! Something hits you.
You swap places.
Something hits your hound.
Your hound misses something. Something hits your guardian golem!
Something hits your hound. Something hits your hound!
Your hound bites something.
Something hits your hound but does no damage.
Your hound barely misses something.
Something hits your hound.
Something hits your hound but does no damage.
Your hound bites something.
Something hits your hound! Something hits your hound!
Your hound dies!
Your hound's corpse disappears in a puff of smoke!
Something hits you!
* * * LOW HITPOINT WARNING * * *
Something hits you but does no damage. Something hits you.
* * * LOW HITPOINT WARNING * * *
Something hits you.
* * * LOW HITPOINT WARNING * * *
Something hits you but does no damage. Something hits you.
* * * LOW HITPOINT WARNING * * *
Something barely misses you.
As you read the scroll of teleportation, it crumbles to dust.
You feel strangely unstable. Something hits you.
* * * LOW HITPOINT WARNING * * *
Something hits you.
You die...

####### ###### #.9...#
....>############.###9#
...#.#........(..§# #.#
...#.#.##############.##
...#.#...<#.....@..9...#
...#.######.############
...#......#.#
...#.####.#.# ...#.#
#.#.# ...#.# #.#.##
...#.# #.#..# )..#.#
#.##.# ...#.# #.##.#


You could see a friendly guardian golem (summoned).

Vanquished Creatures
  Duvessa (D:6)
  2 sky beasts
  An ice beast (D:7)
  2 centaurs
  A phantom (D:5)
  A bullfrog (D:6)
  Dowan (D:6)
  An orc priest (D:4)
  3 gnolls
  4 adders
  A river rat (D:3)
  An ufetubus (D:5)
  A worm (D:3)
  7 orcs
  An endoplasm (D:4)
  2 giant cockroaches
  2 goblins
  3 hobgoblins
  A jackal (D:1)
  A quokka (D:3)
  A bat (D:3)
  A kobold (D:3)
  3 rats (D:3)
42 creatures vanquished.

Vanquished Creatures (collateral kills)
  A water moccasin (D:6)
  An ogre (D:5)
  2 bullfrogs
  2 gnoll sergeants
  A necrophage (D:7)
  2 scorpions
  2 wights (D:7)
  4 killer bees (D:8)
  A howler monkey (D:6)
  2 hounds
  4 orc priests
  A gnoll bouda (D:8)
  A jelly (D:6)
  An iguana (D:6)
  3 orc wizards
  A mummy (D:5)
  Robin (D:3)
  3 adders
  8 gnolls
  A shadow imp (D:8)
  A white imp (D:8)
  An ufetubus (D:7)
  3 dart slugs
  19 orcs
  6 ball pythons
  10 endoplasms
  4 giant cockroaches
  10 goblins
  8 hobgoblins
  2 jackals (D:1)
  A kobold (D:2)
  5 quokkas
  3 bats
  4 frilled lizards
  2 rats
121 creatures vanquished.

Vanquished Creatures (others)
  A centaur (D:8)
  Blork the orc (D:6)
  A wight (D:7)
  Crazy Yiuf (D:6)
  An orc wizard (D:7)
  7 gnolls
  2 orcs
  A giant cockroach (D:1)
  44 foxfires
  9 fungi (D:1)
  4 toadstools (D:1)
72 creatures vanquished.

Grand Total: 235 creatures vanquished

Notes
Turn   | Place    | Note
-------+----------+-------------------------------------------
     0 | D:1      | mandoloar the Djinni Summoner began the quest for the Orb.
     0 | D:1      | mandoloar set off with the following spells memorised:
                  | Summon Small Mammal, Call Imp, Call Canine Familiar, Summon
                  | Guardian Golem, Summon Lightning Spire.
     0 | D:1      | Reached XP level 1. HP: 15/15 MP: 0/0
    88 | D:1      | Reached XP level 2. HP: 8/21 MP: 0/0
   839 | D:1      | Reached XP level 3. HP: 14/25 MP: 0/0
   839 | D:1      | Learned a level 1 spell: Foxfire
   988 | D:1      | Found a faded altar of an unknown god.
  1658 | D:1      | Reached skill level 3 in Dodging
  2474 | D:2      | Reached XP level 4. HP: 29/31 MP: 0/0
  2511 | D:2      | Identified the +9 scale mail "Puopp" {rN+ Dex+4}
  3102 | D:2      | Reached skill level 1 in Fighting
  3430 | D:3      | Found the +2 hat of the Bear Spirit {Spirit, *Rage Will++}
  3643 | D:3      | Noticed Robin
  3673 | D:3      | Killed Robin
  3674 | D:3      | Reached XP level 5. HP: 9/37 MP: 0/0
  3674 | D:3      | Learned a level 2 spell: Scorch
  4126 | D:3      | Found a glowing drain.
  5449 | D:4      | Reached XP level 6. HP: 41/43 MP: 0/0
  5791 | D:4      | Reached skill level 4 in Dodging
  6831 | D:5      | Entered Level 5 of the Dungeon
  6831 | D:5      | Found a transporter.
  6970 | D:5      | Found Nomoy's General Store.
  7094 | D:5      | Found a white marble altar of Elyvilon.
  7118 | D:5      | Noticed an ogre
  7132 | D:5      | Killed an ogre
  7133 | D:5      | Reached XP level 7. HP: 45/49 MP: 0/0
  7133 | D:5      | Learned a level 2 spell: Passwall
  7316 | D:5      | Found a glowing silver altar of Zin.
  7316 | D:5      | Noticed an angel
  7676 | D:5      | Found a transporter.
  7677 | D:5      | Noticed tictacthegrate's ghost (amateur HuBe)
  7818 | D:6      | Noticed Duvessa
  7818 | D:6      | Noticed Dowan
  7946 | D:6      | Killed Duvessa
  7957 | D:6      | Killed Dowan
  7958 | D:6      | Reached skill level 5 in Dodging
  7958 | D:6      | Reached XP level 8. HP: 34/56 MP: 0/0
  8347 | D:6      | Identified the +5 mace of Ofysixem {vorpal, Dex+4}
  8349 | D:6      | Found a blossoming altar of Fedhas.
  8449 | D:6      | Found a staircase to the Ecumenical Temple.
  8458 | Temple   | Entered the Ecumenical Temple
  8465 | Temple   | Became a worshipper of Makhleb the Destroyer
  8797 | D:6      | Reached skill level 1 in Armour
  8873 | D:6      | Found a sacrificial altar of Ru.
  9157 | D:6      | Noticed Blork the orc
  9168 | D:6      | Killed Blork the orc
  9402 | D:6      | Found a runed translucent door.
  9403 | D:6      | Noticed Crazy Yiuf
  9711 | D:6      | Reached skill level 5 in Spellcasting
  9858 | D:6      | Killed Crazy Yiuf
 10104 | D:6      | Reached XP level 9. HP: 63/63 MP: 0/0
 10104 | D:6      | Learned a level 3 spell: Mephitic Cloud
 10339 | D:7      | Found the +4 robe of Augmentation {Str+4 Int+4 Dex+4}
 10386 | D:7      | Reached skill level 6 in Dodging
 10394 | D:7      | Reached skill level 5 in Stealth
 10592 | D:7      | Reached skill level 5 in Fighting
 10903 | D:7      | Found a broken altar of Ashenzari.
 10936 | D:7      | Found a snail-covered altar of Cheibriados.
 11912 | D:8      | HP: 2/65 [something (3)]
 12235 | D:8      | Reached * piety under Makhleb
 12567 | D:8      | Reached skill level 7 in Dodging
 13272 | D:8      | Slain by an unseen horror

Illustrated notes

Levels and vault maps discovered:
D:1:      matt_arrival_refuge, layout_rooms, ebering_ecumenical_altar_hall,
          minmay_gold_behind_fungi
D:2:      layout_basic, minmay_hedge_maze
D:3:      layout_loops_ring, gup_sewer_entry_bubbles, serial_co_window_serial,
          co_window_corner_a, co_window_paths_b, co_window_corner_a,
          co_window_of_opportunity_a, co_window_paths_a, co_window_2corner,
          co_window_2corner, co_window_corner_b, co_window_cross_2,
          co_window_corner_b, glass_columns_b, patterned_corridor, uniq_robin
D:4:      layout_basic, lemuel_blue_sif_altar
D:5:      layout_rooms, zin_angel, elyvilon_altar_5, gammafunk_ghost_hive,
          serial_co_window_serial, co_window_of_opportunity_a,
          co_window_corner_a, co_window_cross_1, co_window_of_opportunity_a,
          co_window_of_opportunity_a, co_window_unsneaky_path_c,
          co_window_corner_b, co_window_unsneaky_path_d, co_window_paths_e,
          glass_columns_a, glass_columns_a, glass_columns_a, serial_shops,
          nicolae_shop_advertising_works [nicolae_subvault_shop_adworks],
          gup_ossuary_entry_pyramid
D:6:      layout_cave_pods, mainiacjoe_overflow_catwalk,
          mainiacjoe_overflow_concentric_impassable, minmay_temple_entry_waves,
          uniq_blork_the_orc, uniq_crazy_yiuf_cottage, uniq_duvessa
D:7:      layout_loops_cross, jmf_multi_god_temple, serial_glass,
          glass_columns_a, glass_columns_a
D:8:      layout_basic
Temple:   hellmonk_temple_of_storms

Skill      XL: |  1  2  3  4  5  6  7  8  9 |
---------------+----------------------------+-----
Stealth        | 2 3 4 5 |  5.8
Dodging        | 3 4 5 7 |  7.0
Fighting       | 1 2 3 4 5 |  5.7
Spellcasting   | 4 5 |  5.7
Armour         | 2 4 |  4.0

Action                   |  1- 3 |  4- 6 |  7- 9 || total
-------------------------+-------+-------+-------++-------
Melee: Hand axe          |     3 |       |       ||     3
       Short sword       |     2 |     5 |       ||     7
       Scimitar          |       |     1 |       ||     1
       Quarterstaff      |       |       |     1 ||     1
       Mace              |       |       |     4 ||     4
 Cast: Summon Small Mamm |    32 |     6 |       ||    38
       Call Imp          |    17 |     9 |     2 ||    28
       Call Canine Famil |       |    18 |    55 ||    73
       Summon Guardian G |       |     5 |    26 ||    31
       Scorch            |       |    30 |    31 ||    61
       Foxfire           |       |    11 |    15 ||    26
       Summon Lightning  |       |       |    12 ||    12
  Use: Scroll            |     6 |     4 |    10 ||    20
       Potion            |       |       |     4 ||     4
Armor: Robe              |    14 |    10 |    59 ||    83
       Leather armour    |       |     4 |    12 ||    16
Dodge: Dodged            |    36 |    28 |    85 ||   149
